 Dungeon Sprint DCSS version 0.27-a0-1123-g2f9bb313c0 (webtiles) character file.

Game seed: 1929455801123162164

14641 Zeld the Warrior (level 11, -15/117 HPs)
             Began as a Minotaur Berserker on May 4, 2021.
             Was a High Priest of Trog.
             Demolished by a death scarab (18 damage)
             ... summoned by a royal mummy
             ... in the Dungeon (Sprint V: "Ziggurat Sprint").
             The game lasted 00:06:51 (2830 turns).

Zeld the Warrior (Minotaur Berserker)               Turns: 2830, Time: 00:06:52

Health: -15/117    AC: 31    Str: 40    XL:     11   Next: 91%
Magic:  10/10      EV:  7    Int:  6    God:    Trog [*****.]
Gold:   0          SH: 24    Dex:  9    Spells: 10/10 levels left

rFire    . . .     SeeInvis .   u - +9 broad axe
rCold    . . .     Faith    .   i - +3 tower shield
rNeg     . . .     Spirit   .   h - +5 crystal plate armour
rPois    .         Reflect  .   (helmet restricted)
rElec    .         Harm     .   (no cloak)
rCorr    .         Rampage  .   v - +1 pair of gloves of Life {Will+ Int+2}
Will     .....     NoTele   +   D - +0 pair of boots of Foguj {Str+2}
Stlth    ..........             E - amulet of regeneration
HPRegen  1.29/turn              z - +6 ring of strength
MPRegen  0.12/turn              A - +6 ring of strength

@: lethally poisoned (-15 -> -22), weak-willed, on berserk cooldown, slowed,
very slow
A: horns 2, retaliatory headbutt
a: Renounce Religion, Berserk, Trog's Hand, Brothers in Arms


You were in the Dungeon.
You worshipped Trog.
Trog was extremely pleased with you.
You visited 1 branch

Inventory:

Hand Weapons
 u - a +9 broad axe (weapon)
Armour
 h - a +5 crystal plate armour (worn)
 i - a +3 tower shield (worn)
 v - the +1 pair of gloves of Life (worn) {Will+ Int+2}
   (You found it in the Dungeon)

   It affects your intelligence (+2).
   It increases your willpower.
 D - the +0 pair of boots of Foguj (worn) {Str+2}
   (You found it in the Dungeon)

   It affects your strength (+2).
Jewellery
 z - a +6 ring of strength (left hand)
 A - a +6 ring of strength (right hand)
 E - an amulet of regeneration (around neck)
Wands
 r - a wand of mindburst (7)
 s - a wand of iceblast (7)
 t - a wand of acid (7)
Scrolls
 g - 4 scrolls of blinking
 n - 7 scrolls of fog
 o - a scroll of holy word
 p - 5 scrolls of identify
Potions
 b - 9 potions of curing
 c - 8 potions of heal wounds
 d - 6 potions of haste
 e - 7 potions of magic
 f - 3 potions of berserk rage
 j - 2 potions of invisibility
 k - 4 potions of resistance
 m - 6 potions of might
Miscellaneous
 a - a lightning rod (4/4)
 l - a box of beasts
 w - a tin of tremorstones (2/2)
 y - a lightning rod (4/4)
 B - a piece from Xom's chessboard (15/15)
 C - a phantom mirror
 F - a phial of floods
 G - a phantom mirror
 I - a box of beasts


   Skills:
 * Level 17.0 Fighting
 - Level 1.3(1.6) Short Blades
 - Level 1.4(1.8) Long Blades
 + Level 14.8(14.9) Axes
 - Level 1.4(10.1) Maces & Flails
 - Level 1.4(10.1) Polearms
 - Level 1.4(2.1) Staves
 - Level 1.3(1.6) Slings
 - Level 1.3 Bows
 - Level 1.9 Crossbows
 - Level 1.2(1.4) Throwing
 + Level 13.4 Armour
 + Level 10.6 Dodging
 - Level 1.5 Stealth
 - Level 10.5 Shields
 * Level 14.8 Unarmed Combat
 - Level 1.2 Invocations
 - Level 1.0 Evocations


You had 10 spell levels left.
You didn't know any spells.
Your spell library was empty.

Dungeon Overview and Level Annotations

Branches:
Dungeon (1/1)

Altars:
Ashenzari
Cheibriados
Dithmenos
Elyvilon
Fedhas
Gozag
Hepliaklqana
Kikubaaqudgha
Makhleb
Nemelex Xobeh
Okawaru
Qazlal
Ru
Sif Muna
Trog
Uskayaw
Vehumet
Wu Jian
Xom
Yredelemnul
Zin
The Shining One
Beogh
Jiyva
Lugonu

Annotations:
D 1 transporter


Innate Abilities, Weirdness & Mutations

You have a pair of horns on your head.
You reflexively headbutt those who attack you in melee.


Message History

You furiously retaliate!
You headbutt the death scarab!
You block the emperor scorpion's attack.
The emperor scorpion closely misses you.
The emperor scorpion claws you but does no damage.
The royal mummy calls on the powers of darkness!
The emperor scorpion convulses! x2; Your body is wracked with pain!
The emperor scorpion convulses! x2
You block the phantasmal warrior's attack.
The death scarab bites you!
* * * LOW HITPOINT WARNING * * *
The death scarab draws strength from your injuries!
You block the phantasmal warrior's attack.
The emperor scorpion stings you.
* * * LOW HITPOINT WARNING * * *
You are poisoned.
The emperor scorpion poisons you!
You block the emperor scorpion's attack.
The emperor scorpion closely misses you.
The mummy priest mumbles some strange prayers to its god against you.
Something smites you!
* * * LOW HITPOINT WARNING * * *
The phantasmal warrior barely misses you.
You furiously retaliate!
You headbutt the phantasmal warrior!
As you read the scroll of fear, it crumbles to dust.
You assume a fearsome visage.
The phantasmal warrior is unaffected.
The emperor scorpion looks frightened! x2; The adder simulacrum is unaffected.
The phantasmal warrior is unaffected.
The chaos spawn is unaffected.
The death scarab is unaffected.
The spectral giant cockroach is unaffected.
The adder simulacrum is unaffected.
The necrophage is unaffected.
The death scarab is unaffected. x2; The wight is unaffected.
The wraith is unaffected.
The emperor scorpion easily resists.
The emperor scorpion looks frightened!
The sun demon is unaffected.
The hellwing is unaffected.
The mummy is unaffected.
The mummy priest is unaffected.
The mummy is unaffected.
The royal mummy is unaffected.
* * * LOW HITPOINT WARNING * * *
You feel extremely sick. The death scarab bites you!!
You die... ▓..|[.)}:?..▓▓▓▓▓▓▓▓▓▓▓▓▓ ▓...}|):)...▓...8©8...▓.. ▓...........▓...|=[...▓.. ▓...........▓...:)[...▓.. ▓...4ZBZZ...▓.........▓.. ▓..ZnWMs8...▓......)..▓.. ▓3MsMM▓

▓.........▓.. ▓▓z4B▓▓
▓....)....▓..
▓..▓.MsW@▓..▓.........▓.▓
▓.....BsW...▓....©....▓..
▓▓▓▓▓▓▓▓▓▓▓▓▓▓▓▓▓▓▓▓▓▓▓▓▓
▓...8©8...▓...8©8...▓...8
▓..)=|:.[.▓...=.|:..▓..[.
▓..:.|....▓..)))[...▓....
▓.........▓.........▓....
▓.........▓.........▓....
▓...÷.....▓...).....▓....


You could see a royal mummy, 4 emperor scorpions, a mummy priest, a sun demon
(summoned), 2 phantasmal warriors, a hellwing (summoned), a spectral giant
cockroach (summoned), a chaos spawn (summoned), a wraith (summoned), 3 death
scarabs, a necrophage (summoned), 2 mummies, a wight (summoned) and 2 adder
simulacra.

Vanquished Creatures
  A blizzard demon (D)
  A mummy priest (D)
  A death yak (D)
  A deep elf zephyrmancer (D)
  An ugly thing (D)
  A salamander (shapeshifter) (D)
  4 draconians (D)
  A guardian serpent (shapeshifter) (D)
  A wind drake (shapeshifter) (D)
  A jumping spider (shapeshifter) (D)
  A dream sheep (D)
  2 air elementals (D)
  A water elemental (D)
  Sigmund (D)
  4 fire elementals (D)
  A tarantella (shapeshifter) (D)
  A neqoxec (D)
  A water moccasin (D)
  Duvessa (D)
  4 hell hounds (D)
  An ice beast (D)
  A wolf (D)
  Blork the orc (D)
  A bullfrog (shapeshifter) (D)
  2 earth elementals (D)
  Dowan (D)
  An iron imp (D)
  Crazy Yiuf (D)
  Jessica (D)
  3 mummies (D)
  A white imp (D)
  An adder skeleton (D)
  An adder zombie (D)
  3 ball pythons (D)
  A bat skeleton (D)
  4 jackals (D)
  A jackal skeleton (D)
  A quokka zombie (D)
  2 fire vortices (D)
58 creatures vanquished.

Vanquished Creatures (collateral kills)
  2 frost giants (D)
  A blizzard demon (D)
  A hydra (D)
  A hell hog (D)
  A spriggan druid (D)
  A lindwurm (D)
  A cane toad (D)
  2 rime drakes (D)
  2 efreet (D)
  A polar bear (D)
  A blink frog (D)
  A flying skull (D)
  A yak (D)
  2 water moccasins (D)
  An ice beast (D)
  A white imp (D)
  An adder zombie (D)
  A fire vortex (D)
22 creatures vanquished.

Vanquished Creatures (others)
  A fire vortex (D)
1 creature vanquished.

Grand Total: 81 creatures vanquished

Notes
Turn   | Place    | Note
-------+----------+-------------------------------------------
     0 | D        | Zeld the Minotaur Berserker began the quest for the Orb.
     0 | D        | Reached XP level 1. HP: 19/19 MP: 0/0
     3 | D        | Found a blossoming altar of Fedhas.
     4 | D        | Found the +6 Majin-Bo {vamp, MP+6 Int+6}
     4 | D        | Found the +9 heavy crossbow "Sniper" {vorpal, Acc+∞ SInv}
     4 | D        | Found the +10 dark maul {vorpal}
     4 | D        | Found the +15 Maxwell's patent armour {-Cast -Tele rElec
                  | Will+ rCorr}
     4 | D        | Found the +18 shield of the Gong {rElec rN+ Will+ EV-5}
     4 | D        | Found the +14 obsidian axe {vorpal, Drain Fly SInv}
     4 | D        | Found the +7 great mace "Firestarter" {inner flame, rF++}
     4 | D        | Found the +6 shillelagh "Devastator" {shatter}
     4 | D        | Found the +11 plutonium sword {Contam Stlth-}
     4 | D        | Found the +8 lance "Wyrmbane" {slay drac, rPois rF+ rC+
                  | AC+3}
     4 | D        | Found the +9 sword of Zonguldrok {reap}
     4 | D        | Found the +13 scythe of Curses {drain, Drain}
     4 | D        | Found the +5 sword of Power {vorpal}
     4 | D        | Found the +7 mace of Variability {chain chaos}
     4 | D        | Found the +7 Singing Sword {vorpal, sonic wave}
     4 | D        | Found the +8 storm bow {elec, penet}
     7 | D        | Found a shimmering blue altar of Sif Muna.
     7 | D        | Found a sacrificial altar of Ru.
     7 | D        | Found a bloodstained altar of Trog.
     7 | D        | Found a stormy altar of Qazlal.
     7 | D        | Found an iron altar of Okawaru.
     7 | D        | Found a sparkling altar of Nemelex Xobeh.
     9 | D        | Found a transporter.
     9 | D        | Found an ancient bone altar of Kikubaaqudgha.
     9 | D        | Found a viscous altar of Jiyva.
     9 | D        | Found a corrupted altar of Lugonu.
     9 | D        | Found a hazy altar of Hepliaklqana.
     9 | D        | Found a burning altar of Makhleb.
     9 | D        | Found an opulent altar of Gozag.
    82 | D        | Entered arena 2.
    82 | D        | Found a transporter.
    88 | D        | Reached skill level 4 in Fighting
    91 | D        | Entered arena 3.
    91 | D        | Noticed a wolf
    91 | D        | Found a transporter.
    92 | D        | Found the +7 lajatang of Order {silver, rMut}
    96 | D        | Reached ** piety under Trog
    99 | D        | Killed a wolf
   100 | D        | Reached skill level 6 in Fighting
   100 | D        | Reached skill level 5 in Unarmed Combat
   100 | D        | Reached XP level 2. HP: 31/31 MP: 1/1
   100 | D        | Reached XP level 3. HP: 38/38 MP: 2/2
   100 | D        | Reached XP level 4. HP: 45/45 MP: 3/3
   130 | D        | Got the +1 pair of gloves of Life {Will+ Int+2}
   370 | D        | Entered arena 4.
   370 | D        | Noticed a water moccasin
   370 | D        | Found a transporter.
   374 | D        | Reached *** piety under Trog
   374 | D        | Killed a water moccasin
   375 | D        | Reached skill level 7 in Fighting
   375 | D        | Reached skill level 5 in Axes
   375 | D        | Reached skill level 5 in Armour
   375 | D        | Reached XP level 5. HP: 53/53 MP: 4/4
   643 | D        | Entered arena 5.
   643 | D        | Noticed a draconian
   643 | D        | Noticed a draconian
   643 | D        | Noticed a draconian
   643 | D        | Noticed a draconian
   643 | D        | Found a transporter.
   648 | D        | Killed a draconian
   649 | D        | Reached skill level 9 in Fighting
   649 | D        | Reached XP level 6. HP: 64/64 MP: 5/5
   649 | D        | Reached XP level 7. HP: 70/70 MP: 6/6
   654 | D        | Killed a draconian
   654 | D        | Reached **** piety under Trog
   655 | D        | Reached skill level 10 in Fighting
   656 | D        | Killed a draconian
   657 | D        | Reached XP level 8. HP: 80/80 MP: 7/7
   659 | D        | Killed a draconian
   720 | D        | Entered arena 6.
   720 | D        | Found a transporter.
   724 | D        | Reached skill level 10 in Shields
   728 | D        | Reached XP level 9. HP: 86/86 MP: 8/8
   749 | D        | Reached skill level 11 in Fighting
   749 | D        | Reached skill level 1 in Short Blades
   749 | D        | Reached skill level 1 in Long Blades
   749 | D        | Reached skill level 1 in Maces & Flails
   749 | D        | Reached skill level 1 in Polearms
   749 | D        | Reached skill level 1 in Staves
   749 | D        | Reached skill level 1 in Slings
   749 | D        | Reached skill level 1 in Bows
   749 | D        | Reached skill level 1 in Crossbows
   749 | D        | Reached skill level 1 in Throwing
   749 | D        | Reached skill level 5 in Dodging
   749 | D        | Reached skill level 1 in Stealth
   749 | D        | Reached skill level 1 in Invocations
   749 | D        | Reached skill level 1 in Evocations
   749 | D        | Reached XP level 10. HP: 93/95 MP: 9/9
   753 | D        | Entered arena 7.
   753 | D        | Noticed Sigmund
   753 | D        | Noticed Jessica
   753 | D        | Noticed Blork the orc
   753 | D        | Noticed Crazy Yiuf
   753 | D        | Noticed Dowan
   753 | D        | Noticed Duvessa
   754 | D        | Found a transporter.
   757 | D        | Killed Crazy Yiuf
   757 | D        | Reached ***** piety under Trog
   758 | D        | Killed Blork the orc
   758 | D        | Received a gift from Trog
   758 | D        | Killed Jessica
   761 | D        | Killed Duvessa
   763 | D        | Killed Dowan
   767 | D        | Killed Sigmund
  1062 | D        | Entered arena 8.
  1062 | D        | Noticed a hell hog
  1063 | D        | Found the +12 glaive of Prune {vorpal}
  1070 | D        | Killed a hell hog
  1071 | D        | Reached skill level 12 in Fighting
  1071 | D        | Reached skill level 10 in Armour
  1072 | D        | Found a transporter.
  1457 | D        | Entered arena 9.
  1457 | D        | Noticed a red ugly thing
  1457 | D        | Noticed a salamander
  1457 | D        | Noticed a guardian serpent
  1458 | D        | Found the +10 zealot's sword {holy, *Rage rN+ EV+3}
  1461 | D        | Reached skill level 10 in Unarmed Combat
  1466 | D        | Killed a red ugly thing
  1466 | D        | Killed a guardian serpent
  1467 | D        | Reached skill level 13 in Fighting
  1467 | D        | Killed a salamander
  1467 | D        | Received a gift from Trog
  1468 | D        | Reached ****** piety under Trog
  1473 | D        | Found a transporter.
  1621 | D        | Entered arena 10.
  1621 | D        | Noticed a deep elf zephyrmancer
  1623 | D        | Found a transporter.
  1625 | D        | Reached skill level 14 in Fighting
  1628 | D        | Received a gift from Trog
  1636 | D        | Reached XP level 11. HP: 59/111 MP: 10/10
  1639 | D        | Killed a deep elf zephyrmancer
  1679 | D        | Got the ring "Xywk" {rF+ rC+ EV+4}
  1803 | D        | Entered arena 11.
  1809 | D        | Received a gift from Trog
  1817 | D        | Found a transporter.
  2047 | D        | Entered arena 12.
  2047 | D        | Noticed a frost giant
  2047 | D        | Noticed a blizzard demon
  2047 | D        | Noticed a frost giant
  2047 | D        | Noticed a blizzard demon
  2053 | D        | Received a gift from Trog
  2053 | D        | Killed a frost giant
  2054 | D        | Reached skill level 15 in Fighting
  2056 | D        | Killed a blizzard demon
  2056 | D        | Killed a blizzard demon
  2057 | D        | Killed a frost giant
  2058 | D        | Reached skill level 16 in Fighting
  2058 | D        | Received a gift from Trog
  2181 | D        | Found a transporter.
  2203 | D        | Got the ring "Puckolol" {Fire Int+2 Dex-2 Slay+4}
  2569 | D        | Entered arena 13.
  2569 | D        | Noticed a death yak
  2569 | D        | Noticed a spriggan druid
  2569 | D        | Noticed a lindwurm
  2571 | D        | Noticed a six-headed hydra
  2574 | D        | Killed a spriggan druid
  2575 | D        | Reached skill level 10 in Dodging
  2577 | D        | Found a transporter.
  2579 | D        | Killed a lindwurm
  2580 | D        | Killed a death yak
  2582 | D        | Received a gift from Trog
  2589 | D        | Killed an 11-headed hydra
  2787 | D        | Got the +0 pair of boots of Foguj {Str+2}
  2805 | D        | Entered arena 14.
  2806 | D        | Noticed a royal mummy
  2806 | D        | Noticed a mummy priest
  2809 | D        | Noticed a mummy priest
  2813 | D        | Noticed an emperor scorpion
  2813 | D        | Noticed an emperor scorpion
  2815 | D        | Found a transporter.
  2816 | D        | Noticed a phantasmal warrior
  2816 | D        | Noticed a phantasmal warrior
  2819 | D        | Noticed a death scarab
  2819 | D        | Noticed a jiangshi
  2819 | D        | Killed a mummy priest
  2820 | D        | Reached skill level 17 in Fighting
  2827 | D        | Noticed a death scarab
  2827 | D        | Noticed a death scarab
  2828 | D        | Noticed an emperor scorpion
  2828 | D        | Noticed an emperor scorpion
  2829 | D        | Noticed a sun demon
  2830 | D        | HP: 3/117 [poisoned by an emperor scorpion]
  2830 | D        | Demolished by a death scarab

Illustrated notes

Levels and vault maps discovered:
D:        sprint_v [room_start, room_1, room_2, room_3, room_4, room_5, room_6,
          room_7, room_8, room_9, room_10, room_11, room_12, room_13, room_14,
          room_15, room_16, room_17, room_18, room_19, room_20, room_21,
          room_22, room_23, room_24, room_25, room_26, room_27]

Skill      XL: |  1  2  3  4  5  6  7  8  9 10 11 |
---------------+----------------------------------+-----
Fighting       | 6 7 9 10 11 14 17 | 17.0
Axes           | 3 5 9 12 14 | 14.8
Armour         | 4 5 7 8 9 11 13 | 13.4
Dodging        | 3 4 5 8 10 | 10.6
Shields        | 2 4 6 9 10 | 10.5
Unarmed Combat | 5 6 7 8 11 14 | 14.8
Short Blades   | 1 |  1.3
Long Blades    | 1 |  1.4
Maces & Flails | 1 |  1.4
Polearms       | 1 |  1.4
Staves         | 1 |  1.4
Slings         | 1 |  1.3
Bows           | 1 |  1.3
Crossbows      | 1 |  1.9
Throwing       | 1 |  1.2
Stealth        | 1 |  1.5
Invocations    | 1 |  1.2
Evocations     | 1 |  1.0

Action                   |  1- 3 |  4- 6 |  7- 9 | 10-12 || total
-------------------------+-------+-------+-------+-------++-------
Melee: Broad axe         |     8 |     6 |    21 |    69 ||   104
       Headbutt          |       |       |     6 |    14 ||    20
Invok: Berserk           |     1 |     2 |     1 |     7 ||    11
       Brothers in Arms  |       |       |       |    11 ||    11
Evoke: Phantom mirror    |       |       |       |     1 ||     1
  Use: Potion            |       |       |     1 |     7 ||     8
       Scroll            |       |       |       |     6 ||     6
Armor: Crystal plate arm |     9 |     2 |     8 |    70 ||    89
Dodge: Dodged            |       |     2 |     1 |    27 ||    30
Block: Tower shield      |    18 |     7 |    19 |   112 ||   156

Table legend: (Time is in decaauts)
 A = Elapsed time spent in this place.
 B = Non-inter-level travel time spent in this place.
 C = Inter-level travel time spent in this place.
 D = Time resting spent in this place.
 E = Time spent auto-exploring this place.
 F = Levels seen in this place.
 G = Mean time per level.
                   A        B        C        D        E       F      G
               +--------+--------+--------+--------+--------+-----+--------+
         Total |   2934 |   2934 |      0 |   2416 |      0 |   1 | 2934.0 |
       Dungeon |   2934 |   2934 |      0 |   2416 |      0 |   1 | 2934.0 |
               +--------+--------+--------+--------+--------+-----+--------+

Top non-repeatable levels by time:
       D: 2934 daAuts
